 Dungeon Crawl Stone Soup version 0.19.0-2-gae57169 (console) character file.

2455 sorlin the Skirmisher (level 9, 0/74 HPs)
             Began as a Centaur Venom Mage on Nov 6, 2016.
             Was a Follower of Ashenzari.
             Slain by a wolf (3 damage)
             ... on level 8 of the Dungeon.
             The game lasted 00:49:52 (11716 turns).

sorlin the Skirmisher (Centaur Venom Mage)         Turns: 11716, Time: 00:49:53

Health: 0/74       AC:  7    Str: 17    XL:     9   Next: 26%
Magic:  2/13       EV: 11    Int: 17    God:    Ashenzari [*.....]
Gold:   125        SH:  0    Dex:  9    Spells: 3 memorised, 5 levels left

rFire  . . .     SeeInvis .     a - +2 dagger (speed) (curse)
rCold  . . .     Gourm    .     u - +0 robe
rNeg   . . .     Faith    .     (no shield)
rPois  .         Spirit   .     A - +0 helmet (curse)
rElec  .         Reflect  .     J - +0 cloak {+Inv} (curse)
rCorr  .         Harm     .     K - +0 pair of gloves
MR     .....                    (no barding)
Stlth  ..........               (no amulet)
                                (no ring)
                                j - ring of loudness (curse)

@: mighty, very slightly contaminated, regenerating (expiring), invisible, very
quick
A: hooves 3, deformed body, speed 2, high mp 1, tough skin 3
a: Curse Item, Scrying, Renounce Religion


You were on level 8 of the Dungeon.
You worshipped Ashenzari.
Ashenzari was aware of your devotion.
You were not hungry.

You visited 1 branch of the dungeon, and saw 8 of its levels.

You collected 409 gold pieces.
You spent 284 gold pieces at shops.


Innate Abilities, Weirdness & Mutations

You have hooves in place of feet.
Armour fits poorly on your strangely shaped body.
You cover ground very quickly.
You have extremely tough skin. (AC +3)
You have an increased reservoir of magic. (+10% MP)


   Skills:
 - Level 5.3 Fighting
 - Level 5.2 Short Blades
 - Level 4.2 Dodging
 - Level 1.1 Stealth
 - Level 2.0 Spellcasting
 - Level 5.0 Conjurations
 + Level 1.7 Charms
 + Level 1.4 Necromancy
 - Level 3.4 Air Magic
 - Level 3.2 Poison Magic


You had 5 spell levels left.
You knew the following spells:

 Your Spells              Type           Power        Failure   Level  Hunger
a - Sting                 Conj/Pois      ###.         3%          1    #......
s - Mephitic Cloud        Conj/Pois/Air  ###.....     14%         3    ###....
z - Regeneration          Chrm/Necr      #.........   30%         3    ###....

Inventory:

Hand Weapons
 a - a cursed +2 dagger of speed (weapon)
   (You took it off a goblin on level 3 of the Dungeon)
 s - a +0 flail
Missiles
 d - 218 stones (quivered)
 e - 15 curare-tipped needles
 i - 120 arrows
 n - 58 sling bullets
Armour
 u - a +0 robe (worn)
 A - a cursed +0 helmet (worn)
 H - the +7 chain mail of Proximity {rC+ MR+ Dex-3 Stlth+}
   (You found it on level 5 of the Dungeon)

   It affects your dexterity (-3).
   It protects you from cold.
   It affects your resistance to hostile enchantments.
   It makes you more stealthy.
 J - a cursed +0 cloak of invisibility (worn)
   (You bought it in a shop on level 8 of the Dungeon)
 K - a +0 pair of gloves (worn)
Magical Staves
 l - an uncursed staff of summoning
Jewellery
 j - a cursed ring of loudness (left hand)
 m - an uncursed ring of fire
Wands
 r - a wand of slowing (20/48)
 I - a wand of polymorph (14/24)
Scrolls
 g - 2 scrolls of identify
 p - 2 scrolls of enchant armour {unknown}
 q - a scroll of teleportation {unknown}
 y - 2 scrolls of fog
 z - 3 scrolls of amnesia
 D - a scroll of enchant weapon
 G - a scroll of random uselessness
Potions
 h - 2 potions of invisibility {!q}
 k - 3 potions of curing
 t - a potion of agility {unknown}
 w - a potion of ambrosia {unknown}
 x - 2 potions of cure mutation {unknown}
 B - a potion of berserk rage {unknown}
 E - a potion of flight {unknown}
 F - a potion of lignification {unknown}
Books
 b - a Young Poisoner's Handbook

   Spells                             Type                      Level
   a - Sting                          Conjuration/Poison           1
   b - Mephitic Cloud                 Conjuration/Poison/Air       3
   c - Olgreb's Toxic Radiance        Poison                       4
   d - Alistair's Intoxication        Transmutation/Poison         5
   e - Venom Bolt                     Conjuration/Poison           5
Comestibles
 c - 4 bread rations {!e}
 o - 4 fruits
 v - 2 meat rations {!e}


Message History

That beam is likely to hit you.
Continue anyway?
Okay, then.
Unknown command.
As you read the scroll labeled IGUGYEW FIBBUOSK, it crumbles to dust.
It is a scroll of amnesia.
Forget which spell ([?*] list [ESC] exit)?
Forget which spell ([?*] list [ESC] exit)?
Okay, then.
The wolf barely misses you.
As you read the scroll of identify, it crumbles to dust.
h - 3 potions of invisibility The wolf misses you.
The wolf bites you but does no damage.
Really quaff
h - 3 potions of invisibility {!q}?
You fade into invisibility!
The wolf bites you.
* * * LOW HITPOINT WARNING * * *
The wolf closely misses you.
You are very lightly contaminated with residual magic.
You take 4 damage.
You hit the wolf but do no damage. The wolf bites you!
* * * LOW HITPOINT WARNING * * *
You take 8 damage.
Really quaff
f - a potion of might {!q}?
You feel very mighty all of a sudden. The wolf bites you.
* * * LOW HITPOINT WARNING * * *
You take 6 damage.
Okay, then.
Unknown command.
Unknown command.
Your skin crawls.
The wolf bites you.
* * * LOW HITPOINT WARNING * * *
The wolf misses you.
You take 5 damage.
Okay, then.
Unknown command.
Unknown command.
Unknown command.
Evoke which item? (* to show all) (? for menu, Esc to quit)
Okay, then.
Unknown command.
As you read the scroll labeled XOTENO ZUXTI, it crumbles to dust.
The dust glows shining umber!
It was a scroll of random uselessness.
Your skin is crawling a little less now.
The wolf closely misses you. x2
As you read the scroll labeled BENI WON XOE, it crumbles to dust.
The scroll dissolves into smoke.
It was a scroll of fog.
The wolf bites you.
* * * LOW HITPOINT WARNING * * *
The wolf bites you.
You die...

### ..# ####.#
#....# #.#..# ....
#l#..# .... #.#..#
.... #h#{.# ....
#h#{.# .... #h#h.#
.... # #@#..# #..
#.###.Y#+##########
#.................#
####..............##
+..............'.
#...........[..##
#.........l.l..#
#...........####
#...........#
#...........#
#...........#


You could see a wolf and a hound.

Vanquished Creatures
  A hornet (D:7)
  Prince Ribbit (D:5)
  A hippogriff (D:6)
  Sigmund (D:4)
  4 yaks (D:7)
  A water moccasin (D:7)
  2 sky beasts
  A phantom (D:6)
  A bullfrog (D:6)
  2 killer bees (D:8)
  A howler monkey (D:8)
  A crimson imp (D:5)
  A bullfrog zombie (D:5)
  2 bullfrog skeletons
  An orc wizard (D:5)
  An iguana (D:6)
  Natasha (thrice) (D:3)
  3 worker ants (D:4)
  A killer bee zombie (D:5)
  A worker ant zombie (D:5)
  Robin (D:3)
  A howler monkey zombie (D:5)
  5 gnolls
  11 adders
  A shadow imp (D:7)
  An ooze (D:2)
  An adder zombie (D:7)
  6 worms
  6 leopard geckos
  13 orcs
  4 giant cockroaches
  20 goblins
  16 hobgoblins
  9 kobolds
  2 quokkas
  2 ball pythons
  8 bats
  5 frilled lizards
  A leopard gecko skeleton (D:7)
  9 rats
152 creatures vanquished.

Notes
Turn   | Place    | Note
-------+----------+-------------------------------------------
     0 | D:1      | sorlin the Centaur Venom Mage began the quest for the Orb.
     0 | D:1      | Reached XP level 1. HP: 14/14 MP: 3/3
    77 | D:1      | Reached skill level 1 in Fighting
   313 | D:1      | Reached XP level 2. HP: 23/23 MP: 1/4
   536 | D:1      | Reached skill level 2 in Fighting
   870 | D:1      | Gained mutation: You have an increased reservoir of magic. (+10% MP) [potion of mutation]
   870 | D:1      | Gained mutation: Scrolls take you a little longer to read. [potion of mutation]
   870 | D:1      | Lost mutation: Scrolls take you a little longer to read. [potion of mutation]
  1642 | D:2      | Reached XP level 3. HP: 30/30 MP: 0/5
  1977 | D:2      | Reached skill level 3 in Fighting
  2352 | D:2      | Reached skill level 2 in Dodging
  2357 | D:2      | Learned a level 3 spell: Mephitic Cloud
  2441 | D:2      | Reached XP level 4. HP: 37/38 MP: 0/6
  2678 | D:2      | Reached skill level 1 in Conjurations
  2755 | D:2      | Found a white marble altar of Elyvilon.
  2836 | D:2      | HP: 9/38 [adder (4)]
  2845 | D:2      | HP: 8/38 [poisoned by an adder]
  3537 | D:4      | Reached skill level 2 in Conjurations
  3636 | D:4      | Reached skill level 1 in Air Magic
  3636 | D:4      | Reached XP level 5. HP: 18/45 MP: 8/8
  3895 | D:4      | HP: 11/45 [worker ant (5)]
  3897 | D:4      | Reached skill level 2 in Air Magic
  3964 | D:3      | Noticed Natasha
  4063 | D:4      | HP: 13/45 [gnoll/stone (3)]
  4093 | D:4      | Found a shattered altar of Ashenzari.
  4098 | D:4      | Noticed mitcher2's ghost (novice DsGl)
  4100 | D:4      | Became a worshipper of Ashenzari the Shackled
  4106 | D:4      | Noticed Sigmund
  4111 | D:4      | HP: 11/45 [mitcher2's ghost (7)]
  4124 | D:3      | HP: 12/45 [orc (1)]
  4124 | D:3      | HP: 3/45 [Natasha/magic dart (9)]
  4724 | D:3      | Killed Natasha
  4799 | D:2      | Reached XP level 6. HP: 40/52 MP: 3/9
  4902 | D:3      | Found a snail-covered altar of Cheibriados.
  5024 | D:3      | Noticed Robin
  5072 | D:3      | Killed Robin
  5072 | D:3      | Reached skill level 4 in Fighting
  5752 | D:3      | Noticed Natasha
  5763 | D:3      | Killed Natasha
  5857 | D:3      | Noticed Natasha
  5866 | D:3      | Killed Natasha
  6388 | D:3      | Learned a level 3 spell: Regeneration
  6574 | D:4      | Killed Sigmund
  6574 | D:4      | Reached skill level 3 in Conjurations
  6574 | D:4      | Reached skill level 3 in Air Magic
  6574 | D:4      | Reached XP level 7. HP: 59/59 MP: 0/10
  6596 | D:5      | Entered Level 5 of the Dungeon
  6851 | D:5      | Noticed Prince Ribbit
  6882 | D:5      | Killed Prince Ribbit
  6882 | D:5      | Reached skill level 5 in Fighting
  6976 | D:5      | Got the uncursed chain mail of Proximity {rC+ MR+ Dex-3 Stlth+}
  7151 | D:5      | Found a shadowy altar of Dithmenos.
  7167 | D:5      | HP: 18/61 [bullfrog skeleton (3)]
  7170 | D:5      | Reached skill level 4 in Conjurations
  7735 | D:5      | Reached skill level 2 in Spellcasting
  7736 | D:5      | Reached XP level 8. HP: 64/68 MP: 0/12
  8033 | D:5      | Reached skill level 5 in Conjurations
  8441 | D:6      | Reached skill level 3 in Dodging
  8814 | D:6      | Reached * piety under Ashenzari
  8977 | D:6      | Noticed a hippogriff
  9025 | D:6      | Killed a hippogriff
  9025 | D:6      | Reached skill level 4 in Dodging
  9491 | D:7      | Noticed a hornet
 10129 | D:7      | Reached skill level 1 in Short Blades
 10219 | D:7      | Reached skill level 2 in Short Blades
 10224 | D:7      | Reached skill level 3 in Short Blades
 10467 | D:7      | Reached skill level 4 in Short Blades
 10473 | D:7      | Reached XP level 9. HP: 54/74 MP: 7/13
 10728 | D:7      | Reached skill level 5 in Short Blades
 11231 | D:7      | Reached skill level 1 in Charms
 11249 | D:7      | HP: 22/74 [poisoned by a water moccasin]
 11257 | D:7      | HP: 21/74 [poisoned by a water moccasin]
 11266 | D:7      | HP: 21/74 [poisoned by a water moccasin]
 11519 | D:8      | Found Uvauhydu's Antique Armour Emporium.
 11524 | D:8      | Bought a runed cloak for 199 gold pieces
 11524 | D:8      | Bought a pair of gloves for 85 gold pieces
 11619 | D:8      | Reached skill level 1 in Necromancy
 11620 | D:8      | Found a shimmering altar of Xom.
 11709 | D:8      | HP: 22/74 [wolf (5)]
 11712 | D:8      | HP: 8/74 [wolf (6)]
 11713 | D:8      | HP: 3/74 [wolf (6)]
 11716 | D:8      | Slain by a wolf

Vault maps used:
D:1:      dpeg_arrival_morbid_curiosity
D:2:      nicolae_overflow_crystal_walls, minmay_misc_feat_tiny
D:3:      cheibriados_altar_wand_db, serial_corexii_hall,
          corexii_hall_statues_u, corexii_hall_statues_deadend, minivault_25,
          uniq_robin, uniq_natasha
D:4:      cheibrodos_ashenzari_chains, nicolae_dithmenos_shadow_blocks,
          first_bread, kennysheep_dice, uniq_crazy_yiuf_cottage, uniq_menkaure,
          uniq_sigmund
D:5:      basic_altar, uniq_prince_ribbit1
D:7:      hangedman_decor_push
D:8:      lemuel_doored_altar, erik_lair_island, serial_shops,
          nicolae_shop_stone, xom_teletrap_fun

Action                   |  1- 3 |  4- 6 |  7- 9 || total
-------------------------+-------+-------+-------++-------
Melee: Unarmed           |    79 |       |       ||    79
       Kick              |    18 |    23 |    46 ||    87
       Dagger            |    43 |   154 |   243 ||   440
Throw: Stone             |    42 |    69 |    38 ||   149
 Cast: Sting             |    73 |   142 |   122 ||   337
       Mephitic Cloud    |       |     6 |    15 ||    21
       Regeneration      |       |       |     2 ||     2
Invok: Curse Item        |       |       |     3 ||     3
  Use: Scroll            |     3 |     3 |     6 ||    12
       Potion            |     1 |     2 |     4 ||     7
 Stab: Confused          |       |     1 |     8 ||     9
  Eat: Chunk             |     4 |    13 |    11 ||    28
       Pizza             |     1 |       |       ||     1
       Bread ration      |       |     1 |       ||     1
       Beef jerky        |       |       |     1 ||     1
       Meat ration       |       |       |     1 ||     1
Armor: Robe              |    62 |    58 |    59 ||   179
Dodge: Dodged            |    96 |    89 |   110 ||   295
